 Dungeon Crawl Stone Soup version 0.31-a0-188-g5e087ee2ca (webtiles) character file.

Game seed: 8247805930444895754

37 qw the Shooter (level 3, -4/20 HPs)
             Began as a Deep Elf Hunter on June 23, 2023.
             Slain by a worm (5 damage)
             ... on level 2 of the Dungeon.
             The game lasted 00:00:23 (919 turns).

qw the Shooter (Deep Elf Hunter)                     Turns: 919, Time: 00:00:23

Health: -4/20      AC:  6    Str: 10    XL:     3   Next: 23%
Magic:  5/5        EV:  9    Int: 13    God:
Gold:   59         SH:  0    Dex: 18    Spells: 2/2 levels left

rFire   . . .        Y - +0 shortbow
rCold   . . .        (shield currently unavailable)
rNeg    . . .        h - +0 scale mail
rPois   .            (no helmet)
rElec   .            (no cloak)
rCorr   .            (no gloves)
SInv    .            (no boots)
Will    .....        (no amulet)
Stlth   +            (no ring)
HPRegen 0.23/turn    (no ring)
MPRegen 0.09/turn

%: no passive effects
@: about to teleport
A: no striking features
a: no special abilities


You were on level 2 of the Dungeon.
You visited 1 branch of the dungeon, and saw 2 of its levels.

You collected 59 gold pieces.


   Skills:
 - Level 1.5 Fighting
 + Level 6.8 Ranged Weapons
 - Level 2.4 Dodging
 - Level 1.2 Stealth


You had 2 spell levels left.
You didn't know any spells.
Your spell library was empty.

Inventory:

Hand Weapons
 Y - a +0 shortbow (weapon)
Armour
 h - a +0 scale mail (worn)
Potions
 a - a potion of curing {unknown}
 f - a potion of invisibility {unknown}

Dungeon Overview and Level Annotations

Branches:
Dungeon (2/15)

Altars:


Message History

a - a green potion
b - a scroll of teleportation You open the door.
You open the door.
Found a sling.
There is an open door here.
Found a stone staircase leading down.
You now have 51 gold pieces (gained 4).
A rat comes into view.
Enter note: You shoot an arrow.
The arrow closely misses the rat.
The rat bites you but does no damage.
You shoot an arrow. The arrow hits the rat!
You kill the rat!
You see here a rat corpse.
You now have 59 gold pieces (gained 8).
Found a leather armour.
Enter note: A worm comes into view.
Found a scroll labelled MOLEVU ZYRALA.
Enter note: You shoot an arrow.
The arrow hits the worm.
The worm is moderately wounded.
You shoot an arrow. The arrow hits the worm.
The worm is heavily wounded.
The worm bites you.
You shoot an arrow. The arrow barely misses the worm.
The worm bites you!
You shoot an arrow. The arrow hits the worm!
The worm is severely wounded.
The worm bites you.
You shoot an arrow. The arrow hits the worm.
The worm is almost dead.
You shoot an arrow. The arrow barely misses the worm.
The worm bites you!
919 ||| READING scroll of teleportation.
As you read the scroll of teleportation, it crumbles to dust.
You feel strangely unstable. The worm bites you.
You die...

### #.########
#.........
#.########
#####.##
#########......#
#.........###[.#
#.........#
#..####
#.........#
#...@.#
#.........#
#.###w#
..........# #.#
.# .....####.#
#.# .# .....#
#.# #.# .#
.....# #.# #. .#
###### ## .# ?#


You could see a worm.

Vanquished Creatures
  An adder (D:1)
  A bat (D:1)
  3 endoplasms (D:1)
  2 giant cockroaches (D:1)
  3 goblins (D:1)
  6 hobgoblins (D:1)
  3 kobolds (D:1)
  2 quokkas (D:1)
  2 rats
23 creatures vanquished.

Notes
Turn   | Place    | Note
-------+----------+-------------------------------------------
     0 | D:1      | qw the Deep Elf Hunter began the quest for the Orb.
     0 | D:1      | Reached XP level 1. HP: 12/12 MP: 3/3
     0 | D:1      | 0 ||| qw: Version: 0.3-a-9-g12657ce
     0 | D:1      | 0 ||| qw: Game counter: 4392
     0 | D:1      | 0 ||| qw: Always use a shield: true
     0 | D:1      | 0 ||| qw: God list: Okawaru
     0 | D:1      | 0 ||| qw: Allow faded altars: false
     0 | D:1      | 0 ||| qw: Do Orc after D:15 true
     0 | D:1      | 0 ||| qw: Do second Lair branch before Depths: true
     0 | D:1      | 0 ||| qw: Lair rune preference: random
     0 | D:1      | 0 ||| qw: Plans: Normal
     0 | D:1      | 0 ||| PLANNING D:1-11
   325 | D:1      | Reached XP level 2. HP: 16/16 MP: 4/4
   330 | D:1      | Reached skill level 6 in Ranged Weapons
   648 | D:1      | 648 ||| UPGRADING to +0 scale mail.
   658 | D:1      | 658 ||| DROPPING +0 leather armour.
   659 | D:1      | 659 ||| READING scroll labelled NIRUZXUSTA.
   660 | D:1      | 660 ||| READING scroll labelled VIECKEL HEM.
   663 | D:1      | 663 ||| DRINKING 2 sedimented pink potions.
   664 | D:1      | 664 ||| DRINKING 2 amethyst potions.
   665 | D:1      | 665 ||| DROPPING scroll of butterflies.
   666 | D:1      | 666 ||| DROPPING potion of brilliance.
   694 | D:2      | 694 ||| STAIRDANCE
   700 | D:1      | HP: 2/16 [adder (3)]
   701 | D:1      | 701 ||| DRINKING potion of heal wounds.
   709 | D:1      | Reached XP level 3. HP: 12/20 MP: 5/5
   743 | D:2      | 743 ||| STAIRDANCE
   753 | D:2      | 753 ||| STAIRDANCE
   918 | D:2      | HP: 1/20 [worm (9)]
   919 | D:2      | 919 ||| READING scroll of teleportation.
   919 | D:2      | Slain by a worm

Levels and vault maps discovered:
D:1:      dpeg_arrival_erosion, layout_basic, minmay_pentomino_r2
D:2:      minmay_angry_zag, layout_basic

Skill      XL: |  1  2 |
---------------+-------+-----
Ranged Weapons | 6 |  6.8
Fighting       | |  1.5
Dodging        | |  2.4
Stealth        | |  1.2

Action                     || total
---------------------------++-------
   Fire: Shortbow          ||    81
    Use: Potion            ||     3
         Scroll            ||     3
 Armour: Leather armour    ||     6
         Scale mail        ||    19
  Dodge: Dodged            ||    21

Table legend:
 A = Non-vault XP
 B = Vault XP
 C = Vault XP percentage of total XP
 D = Non-vault monster count
 E = Vault monster count
 F = Vault count percentage of total count
                 A         B        C        D         E       F
            +---------+---------+-------+---------+---------+-------
      Total |      50 |       4 |   7.4 |      21 |       2 |   8.7
            +---------+---------+-------+---------+---------+-------
        D:1 |      49 |       4 |   7.5 |      20 |       2 |   9.1
        D:2 |       1 |       0 |   0.0 |       1 |       0 |   0.0
            +---------+---------+-------+---------+---------+-------
